 Dungeon Crawl Stone Soup version 0.28-a0-406-g4bac719ec2 (webtiles) character file.

Game seed: 3099810577860941502

90 notakeback the Skirmisher (level 4, -1/38 HPs)
             Began as a Human Wanderer on Sept 5, 2021.
             Slain by an ogre (12 damage)
             ... on level 2 of the Dungeon.
             The game lasted 00:04:55 (2122 turns).

notakeback the Skirmisher (Human Wanderer)          Turns: 2122, Time: 00:04:55

Health: -1/38      AC:  6    Str: 14    XL:     4   Next: 85%
Magic:  4/4        EV:  8    Int: 12    God:
Gold:   55         SH:  5    Dex: 18    Spells: 3/3 levels left

rFire   . . .      SeeInvis .   a - +2 short sword
rCold   . . .      Faith    .   h - +0 buckler
rNeg    . . .      Spirit   .   k - +0 scale mail
rPois   +          Reflect  .   (no helmet)
rElec   .          Harm     .   (no cloak)
rCorr   .          Rampage  .   (no gloves)
Will    .....                   (no boots)
Stlth   ..........              (no amulet)
HPRegen 0.12/turn               f - +6 ring of dexterity
MPRegen 0.09/turn               g - ring of poison resistance

@: no status effects
A: no striking features
a: no special abilities


You were on level 2 of the Dungeon.
You visited 1 branch of the dungeon, and saw 2 of its levels.

You collected 55 gold pieces.

Inventory:

Hand Weapons
 a - a +2 short sword (weapon)
 w - a +0 hand crossbow
Missiles
 c - 6 poisoned darts (quivered)
 d - 29 bolts
Armour
 h - a +0 buckler (worn)
 k - a +0 scale mail (worn)
Jewellery
 f - a +6 ring of dexterity (left hand)
 g - a ring of poison resistance (right hand)
Scrolls
 i - 2 scrolls of teleportation {unknown}
Potions
 b - a potion of lignification
 e - 2 potions of heal wounds {unknown}
 j - a potion of haste {unknown}


   Skills:
 + Level 4.6 Fighting
 - Level 2.0 Short Blades
 - Level 1.0 Crossbows
 - Level 1.0 Throwing
 - Level 2.0 Armour
 + Level 2.0 Shields
 - Level 1.0 Evocations


You had 3 spell levels left.
You didn't know any spells.
Your spell library contained the following spells:

 Spells                   Type           Power      Damage    Failure   Level
 Corona                   Hex            0%         N/A       87%         1
 Ensorcelled Hibernation  Hex/Ice        0%         N/A       95%         2
 Conjure Flame            Conj/Fire      0%         6-21      99%         3
 Ignite Poison            Fire/Tmut/Pois 0%         N/A       99%         3
 Tukima's Dance           Hex            0%         N/A       99%         3
 Sticky Flame             Conj/Fire      0%         2d3       100%        4


Dungeon Overview and Level Annotations

Branches:
Dungeon (2/15)

Altars:
Yredelemnul


Message History

The kobold shouts!
An ogre comes into view. It is wielding a +0 giant club.
The kobold moves out of view.
You feel agile.
f - a +6 ring of dexterity (left hand)
The ogre shouts!
g - a ring of poison resistance (right hand)
The kobold hits you with a +0 short sword.
You hit the kobold.
You kill the kobold!
Throw: 8 darts (poison)
Press: ? - help, Q - select action Shift-Dir - straight line, f - ogre
Aim: an ogre, wielding a +0 giant club (77% to hit)
You throw a poisoned dart. The poisoned dart hits the ogre.
The ogre is poisoned.
You hit the ogre.
The ogre is moderately wounded.
The ogre barely misses you.
Your scale mail prevents you from hitting the ogre.
The ogre is moderately wounded.
The ogre hits you with a +0 giant club.
You hit the ogre.
The ogre is moderately wounded.
You hit the ogre.
The ogre is heavily wounded.
The ogre hits you with a +0 giant club.
You barely miss the ogre.
The ogre is heavily wounded.
The ogre hits you with a +0 giant club!!
Ouch! That really hurt!
* * * LOW HITPOINT WARNING * * *
The ogre looks more healthy.
Throw: 7 darts (poison)
Press: ? - help, Q - select action Shift-Dir - straight line, f/p - ogre
Aim: an ogre, wielding a +0 giant club (severely wounded, 77% to hit)
You throw a poisoned dart. The poisoned dart hits the ogre.
The ogre is poisoned.
The ogre is severely wounded.
The ogre hits you with a +0 giant club!
You die...

#.#......##..#.# #
#.##.#.#..#..#.#########
#..............#......##
.########.#.......#..........
#..$........#.....#.#.####.##
.....().#...........#..# #.##
###.#...#.#)..#....# #.##
#.#####.#†.......# #.##
#....O@.#........# #.##
#########..#.#######...
#.......#.#.........
#.#####.#.#.........
#.......#.########.#
########............
##......###.# ###.##.# #.#
#...##.# #.#


You could see an ogre (poisoned).

Vanquished Creatures
  Terence (D:2)
  A gnoll (D:1)
  An adder (D:2)
  A worm (D:2)
  4 endoplasms
  2 giant cockroaches (D:1)
  5 goblins
  5 hobgoblins
  3 jackals (D:2)
  5 ball pythons
  4 bats
  A frilled lizard (D:1)
  6 kobolds
  4 rats (D:1)
43 creatures vanquished.

Vanquished Creatures (others)
  4 fungi (D:2)
4 creatures vanquished.

Grand Total: 47 creatures vanquished

Notes
Turn   | Place    | Note
-------+----------+-------------------------------------------
     0 | D:1      | notakeback the Human Wanderer began the quest for the Orb.
     0 | D:1      | notakeback set off with the following items: a +2 short
                  | sword, a potion of lignification, a +0 hand crossbow, 21
                  | bolts, a +0 robe
     0 | D:1      | Reached XP level 1. HP: 18/18 MP: 1/1
    83 | D:1      | Reached XP level 2. HP: 5/25 MP: 2/2
   562 | D:1      | Reached XP level 3. HP: 26/30 MP: 3/3
   566 | D:1      | Reached skill level 4 in Fighting
  1276 | D:2      | Found a basalt altar of Yredelemnul.
  1291 | D:2      | Reached skill level 1 in Shields
  1316 | D:2      | Found a faded altar of an unknown god.
  1617 | D:2      | Reached XP level 4. HP: 37/37 MP: 4/4
  1736 | D:2      | Noticed Terence
  1759 | D:2      | Killed Terence
  2103 | D:2      | Noticed an ogre
  2122 | D:2      | Slain by an ogre

Illustrated notes

Levels and vault maps discovered:
D:1:      dpeg_cavernosity, layout_basic, st_stairs_7, minmay_heptomino_o4
D:2:      layout_basic, dreamdust_ecumenical_altar_grove, basic_altar,
          uniq_terence

Skill      XL: |  1  2  3  4 |
---------------+-------------+-----
Fighting       | 4 |  4.6
Shields        | 1 2 |  2.0
Short Blades   | |  2.0
Crossbows      | |  1.0
Throwing       | |  1.0
Armour         | |  2.0
Evocations     | |  1.0

Action                   |  1- 3 |  4- 6 || total
-------------------------+-------+-------++-------
Melee: Short sword       |    71 |    28 ||    99
 Fire: Hand crossbow     |    17 |       ||    17
Throw: Dart              |       |     6 ||     6
Armor: Ring mail         |    25 |     4 ||    29
       Scale mail        |       |     4 ||     4
Dodge: Dodged            |    34 |     9 ||    43
Block: Buckler           |     9 |     3 ||    12

Table legend: (Time is in decaauts)
 A = Elapsed time spent in this place.
 B = Non-inter-level travel time spent in this place.
 C = Inter-level travel time spent in this place.
 D = Time resting spent in this place.
 E = Time spent auto-exploring this place.
 F = Levels seen in this place.
 G = Mean time per level.
                   A        B        C        D        E       F      G
               +--------+--------+--------+--------+--------+-----+--------+
         Total |   2136 |   2033 |    103 |      0 |   1725 |   2 | 1068.0 |
       Dungeon |   2136 |   2033 |    103 |      0 |   1725 |   2 | 1068.0 |
               +--------+--------+--------+--------+--------+-----+--------+

Top non-repeatable levels by time:
     D:1: 1488 daAuts
     D:2: 647 daAuts
